 Dungeon Crawl Stone Soup version 0.31-a0-626-g8143ab4f1d (webtiles) character file.

Game seed: 12036141692685127656

43 IdlyInterested the Chopper (level 3, 0/40 HPs)
             Began as a Demonspawn Gladiator on Aug 24, 2023.
             Succumbed to an adder's poison
             ... on level 2 of the Dungeon.
             The game lasted 00:04:02 (1125 turns).

IdlyInterested the Chopper (Demonspawn Gladiator)   Turns: 1125, Time: 00:04:03

Health: 0/40       AC: 21    Str: 16    XL:     3   Next: 37%
Magic:  12/12      EV:  2    Int:  9    God:
Gold:   86         SH:  0    Dex: 14    Spells: 2/2 levels left

rFire   . . .        a - +0 war axe
rCold   . . .        (no shield)
rNeg    . . .        b - melded +0 leather armour
rPois   +            c - melded +0 helmet
rElec   .            (cloak currently unavailable)
rCorr   .            (gloves currently unavailable)
SInv    .            (boots currently unavailable)
Will    .....        (no amulet)
Stlth   +            h - ring of magical power
HPRegen 0.26/turn    (no ring)
MPRegen 0.26/turn

%: no passive effects
@: lethally poisoned (0 -> -1), tree-form
A: stationary, stasis, torment immunity, boosted hp, foul stench 1, magic
regeneration
a: no special abilities


You were on level 2 of the Dungeon.
You were a tree.
You visited 1 branch of the dungeon, and saw 2 of its levels.

You collected 86 gold pieces.

Inventory:

Hand Weapons
 a - a +0 war axe (weapon)
 k - a +0 whip of flaming
Missiles
 d - 3 throwing nets
 e - a javelin
 g - 6 poisoned darts (quivered)
 i - 7 stones
Armour
 b - a +0 leather armour (melded)
 c - a +0 helmet (melded)
Magical Staves
 m - a staff of poison
Jewellery
 h - a ring of magical power (left branch)
Scrolls
 j - a scroll of immolation {unknown}
 l - a scroll of revelation {unknown}
 n - a scroll of identify {unknown}


   Skills:
 - Level 2.0 Fighting
 * Level 3.5 Axes
 - Level 1.7 Throwing
 + Level 1.6 Armour
 - Level 2.6 Dodging


You had 2 spell levels left.
You didn't know any spells.
Your spell library contained the following spells:

 Spells                   Type           Power      Damage    Failure   Level
 Sting                    Tmut/Pois      0%         1d3       38%         1
 Poisonous Vapours        Pois/Air       0%         N/A       52%         2
 Olgreb's Toxic Radiance  Pois           0%         N/A       99%         4


Dungeon Overview and Level Annotations

Branches:
Dungeon (2/15)

Altars:


Innate Abilities, Weirdness & Mutations

You are a tree.
Your roots penetrate the ground, keeping you stationary.
You cannot be teleported.
You are immune to unholy pain and torment.
Your maximum health is greatly increased.
Your equipment is partially melded.
You may rarely emit foul miasma when damaged in melee.
You regenerate magic rapidly.


Message History

The adder poisons you! The adder bites you. The adder barely misses you.
You barely miss the adder. You miss the adder.
You feel very sick. The adder barely misses you. The adder bites you. x2
You slash the adder!
The adder is almost dead.
You barely miss the adder.
You feel sick. The adder bites you. The adder bites you but does no damage.
The adder bites you. The adder closely misses you.
You slash the adder!
You kill the adder!
You closely miss the adder.
You feel sick. The adder bites you.
You barely miss the adder.
You feel sick. The adder barely misses you. The adder closely misses you.
You hit the adder.
The adder is lightly wounded.
You feel sick.
You are no longer poisoned.
The adder bites you but does no damage. The adder bites you.
* * * LOW HITPOINT WARNING * * *
You hit the adder but do no damage.
The adder is lightly wounded.
The adder barely misses you. The adder bites you.
* * * LOW HITPOINT WARNING * * *
You are lethally poisoned!
The adder poisons you!
It was a potion of lignification.
You turn into a tree.
Your +0 helmet melds into your body.
Your +0 leather armour melds into your body.
Your roots penetrate the ground.
* * * LOW HITPOINT WARNING * * *
You feel sick. The adder bites you.
* * * LOW HITPOINT WARNING * * *
You barely miss the adder.
The adder is lightly wounded.
* * * LOW HITPOINT WARNING * * *
You feel sick.
The adder bites you but does no damage. x2
You miss the adder.
The adder is lightly wounded.
You die...

#.. .# ##.. .
.....###.
......... ###
#......# .... .
#.#..#.##.....
..#.#..†S.......
.......#♣#
.......#.## .
#.......#....
#............#
#.#..##.......
#.:.. .......
....###..#.#..##
###. ... .#..# #
##.. ## .#


You could see an adder.

Vanquished Creatures
  An adder (D:2)
  A dart slug (D:1)
  5 bats
  2 endoplasms (D:1)
  2 giant cockroaches (D:1)
  2 hobgoblins (D:2)
  3 jackals (D:1)
  4 ball pythons (D:1)
  A frilled lizard (D:1)
  6 goblins (D:1)
  A kobold (D:1)
  2 rats
30 creatures vanquished.

Notes
Turn   | Place    | Note
-------+----------+-------------------------------------------
     0 | D:1      | IdlyInterested the Demonspawn Gladiator began the quest for
                  | the Orb.
     0 | D:1      | Reached XP level 1. HP: 16/16 MP: 1/1
    45 | D:1      | Reached skill level 1 in Armour
    47 | D:1      | Gained mutation: You may rarely emit foul miasma when
                  | damaged in melee. [demonic ancestry]
    47 | D:1      | Reached XP level 2. HP: 20/22 MP: 2/2
    48 | D:1      | Reached skill level 3 in Axes
   664 | D:1      | Gained mutation: You regenerate magic rapidly. [demonic
                  | ancestry]
   664 | D:1      | Reached XP level 3. HP: 27/27 MP: 3/3
  1123 | D:2      | HP: 2/40 [adder (2)]
  1125 | D:2      | Succumbed to an adder's poison

Illustrated notes

Levels and vault maps discovered:
D:1:      lemuel_arrival_rhombus, layout_basic
D:2:      layout_loops_cross, basic_altar, minmay_misc_feat_nine_boxes,
          uniq_terence, uniq_robin, uniq_natasha

Skill      XL: |  1  2 |
---------------+-------+-----
Armour         | 1 |  1.6
Axes           | 3 |  3.5
Fighting       | |  2.0
Throwing       | |  1.7
Dodging        | |  2.6

Action                     || total
---------------------------++-------
  Melee: War axe           ||    87
         Punch             ||     1
    Use: Potion            ||     1
   Stab: Sleeping          ||     2
 Armour: Leather armour    ||    44
         Skin              ||     2
  Dodge: Dodged            ||    76

Table legend: (Time is in decaauts)
 A = Elapsed time spent in this place.
 B = Non-inter-level travel time spent in this place.
 C = Inter-level travel time spent in this place.
 D = Time resting spent in this place.
 E = Time spent auto-exploring this place.
 F = Levels seen in this place.
 G = Mean time per level.
                   A        B        C        D        E       F      G
               +--------+--------+--------+--------+--------+-----+--------+
         Total |   1154 |   1000 |    154 |     57 |    646 |   2 |  577.0 |
       Dungeon |   1154 |   1000 |    154 |     57 |    646 |   2 |  577.0 |
               +--------+--------+--------+--------+--------+-----+--------+

Top non-repeatable levels by time:
     D:1: 1104 daAuts
     D:2: 49 daAuts
